 Dungeon Crawl Stone Soup version 0.30-a0-883-g5ad918d77d (webtiles) character file.

Game seed: 15446829749810071825

86 Strat the Insei (level 5, -4/40 HPs)
             Began as a Meteoran Transmuter on Mar 17, 2023.
             Was a Believer of Jiyva.
             Killed by divine providence
             ... invoked by an orc priest
              (12 damage)
             ... on level 3 of the Dungeon.
             The game lasted 00:04:10 (564 turns).

Strat the Insei (Meteoran Transmuter)                Turns: 564, Time: 00:04:11

Health: -4/40      AC:  2    Str: 13    XL:     5   Next: 6%
Magic:  10/10      EV: 12    Int: 14    God:    Jiyva [**....]
Gold:   38         SH:  0    Dex: 15    Spells: 3/9 levels left

rFire   . . .      SeeInvis .      - Unarmed
rCold   . . .      Faith    .    (no shield)
rNeg    . . .      Spirit   .    a - +0 robe
rPois   .          Reflect  .    (helmet currently unavailable)
rElec   .          Rampage  .    (no cloak)
rCorr   +                        (no gloves)
Will    .....                    (boots currently unavailable)
Stlth   +                        (no amulet)
HPRegen 1.22/turn                (no ring)
MPRegen 0.42/turn                (no ring)

@: appendages (expiring), glowing
A: horns 2, talons 2, sense surroundings 1, otherworldly, glowing, explore regen
a: End Transformation, Renounce Religion


You were on level 3 of the Dungeon.
You worshipped Jiyva.
Jiyva was pleased with you.
You had temporarily grown beastly horns and talons.
You visited 1 branch of the dungeon, and saw 3 of its levels.

You collected 38 gold pieces.

Inventory:

Armour
 a - a +0 robe (worn)
 c - a +0 leather armour
Scrolls
 e - a scroll of blinking {unknown}
 g - a scroll of silence {unknown}
Potions
 b - 3 potions of lignification
 d - 2 potions of might {unknown}
 f - a potion of invisibility {unknown}


   Skills:
 - Level 1.1 Fighting
 - Level 2.4 Dodging
 + Level 6.1 Unarmed Combat
 - Level 2.6 Spellcasting
 + Level 2.6 Transmutations
 + Level 0.2 Poison Magic


You had 3 spell levels left.
You knew the following spells:

 Your Spells              Type           Power      Damage    Failure   Level
a - Beastly Appendage     Tmut           18%        N/A       8%          1
b - Wereblood             Tmut           9%         N/A       11%         2
c - Spider Form           Tmut/Pois      5%         N/A       36%         3

Your spell library contained the following spells:

 Spells                   Type           Power      Damage    Failure   Level
 Ice Form                 Ice/Tmut       5%         N/A       77%         4


Dungeon Overview and Level Annotations

Branches:
Dungeon (3/15) Zot: 1244

Altars:
Jiyva


Innate Abilities, Weirdness & Mutations

You have temporarily grown beastly horns and talons.
You passively map a small area around you.
You are easily found by Zot.
You glow in the dark.
You regain HP and MP as you explore.


Message History

The orc shouts!
The orc priest closely misses you.
Your magical contamination has completely faded away.
Items here: )) [ ††.
You hit the orc priest but do no damage.
Your transformation is almost over.
The orc priest hits you with a +0 mace.
You closely miss the orc priest. Your headbutt misses the orc priest.
The orc priest hits you with a +0 mace!
* * * LOW HITPOINT WARNING * * *
You hit the orc priest but do no damage.
The orc priest miscasts a cantrip.
You closely miss the orc priest.
You headbutt the orc priest, but do no damage.
The orc priest invokes the aid of Beogh against you.
Beogh smites you!
* * * LOW HITPOINT WARNING * * *
You hear a distant slurping noise.
You hit the orc priest.
You claw the orc priest, but do no damage.
The orc priest is lightly wounded.
An adder comes into view.
The orc priest hits you with a +0 mace.
* * * LOW HITPOINT WARNING * * *
You closely miss the orc priest. Your kick misses the orc priest.
Your headbutt misses the orc priest.
The orc priest is lightly wounded.
The orc priest barely misses you.
You hit the orc priest. You headbutt the orc priest.
The orc priest is heavily wounded.
The orc priest hits you with a +0 mace.
* * * LOW HITPOINT WARNING * * *
You hit the orc priest. You claw the orc priest.
The orc priest is severely wounded.
You hit the orc priest but do no damage.
You claw the orc priest, but do no damage.
The orc priest is severely wounded.
The orc priest invokes the aid of Beogh against you.
Beogh smites you!
You die...

,* , * ** * * ,
, , * * ** * * ,
* , .... * , ,
.... * * , ,, ,
..... * * * , ,
*, ...
##########...
#.....@#.#.# * #
#.#####o#.# ,
**#.#.#....#o#
*, ,
.......##.#S# ,
.......o)#.#.#,
*
.......<#.#.#.#
* ,
.......#.#.#.#.#
, .....oo
#.#.#.#.#
,.......
,#.#.#.#.#


You could see an orc priest, an adder and an orc.

Vanquished Creatures
  Jessica (D:2)
  2 adders (D:2)
  2 worms (D:2)
  3 orcs (D:3)
  A bat (D:2)
  An endoplasm (D:1)
  A goblin (D:2)
  2 hobgoblins
  8 jackals
  3 kobolds (D:1)
  2 quokkas (D:1)
  3 ball pythons
  A frilled lizard (D:1)
  2 rats
32 creatures vanquished.

Vanquished Creatures (others)
  An orc (D:3)
  2 jackals (D:2)
  A kobold (D:2)
4 creatures vanquished.

Grand Total: 36 creatures vanquished

Notes
Turn   | Place    | Note
-------+----------+-------------------------------------------
     0 | D:1      | Strat the Meteoran Transmuter began the quest for the Orb.
     0 | D:1      | Reached XP level 1. HP: 16/16 MP: 5/5
    68 | D:1      | Reached skill level 4 in Unarmed Combat
    94 | D:1      | Found a faded altar of an unknown god.
   100 | D:1      | Reached XP level 2. HP: 17/23 MP: 4/6
   117 | D:1      | Learned a level 2 spell: Wereblood
   197 | D:1      | Reached XP level 3. HP: 23/28 MP: 8/8
   222 | D:1      | Prayed at the altar of an unknown god.
   222 | D:1      | Became a worshipper of Jiyva Juunwi the Shapeless
   222 | D:1      | Reached * piety under Jiyva
   230 | D:2      | Noticed Jessica
   235 | D:2      | Killed Jessica
   236 | D:2      | Reached skill level 5 in Unarmed Combat
   236 | D:2      | Reached XP level 4. HP: 22/35 MP: 9/9
   475 | D:2      | Reached ** piety under Jiyva
   502 | D:2      | Reached skill level 6 in Unarmed Combat
   509 | D:2      | Learned a level 3 spell: Spider Form
   543 | D:3      | Reached XP level 5. HP: 40/40 MP: 8/10
   564 | D:3      | Killed from afar by an orc priest

Illustrated notes

Levels and vault maps discovered:
D:1:      sevenhm_arrival_forest_fort_large_4, layout_rooms,
          ebering_ecumenical_altar_petrified, chequers_serial_rivers_micro_c
D:2:      layout_loops_ring, uniq_jessica
D:3:      layout_basic, nemelex_dance_club_becter,
          lemuel_coloured_pillars_altar, minivault_23, uniq_sigmund,
          uniq_crazy_yiuf_cottage

Skill      XL: |  1  2  3  4 |
---------------+-------------+-----
Unarmed Combat | 4 5 6 |  6.1
Fighting       | |  1.1
Dodging        | |  2.4
Spellcasting   | |  2.6
Transmutations | |  2.6
Poison Magic   | |  0.2

Action                     |  1- 3 |  4- 6 || total
---------------------------+-------+-------++-------
  Melee: Unarmed           |    43 |    52 ||    95
         Kick              |     5 |     7 ||    12
         Headbutt          |     4 |     5 ||     9
   Cast: Beastly Appendage |     7 |     3 ||    10
 Armour: Robe              |    10 |    13 ||    23
  Dodge: Dodged            |    16 |    20 ||    36

Table legend: (Time is in decaauts)
 A = Elapsed time spent in this place.
 B = Non-inter-level travel time spent in this place.
 C = Inter-level travel time spent in this place.
 D = Time resting spent in this place.
 E = Time spent auto-exploring this place.
 F = Levels seen in this place.
 G = Mean time per level.
                   A        B        C        D        E       F      G
               +--------+--------+--------+--------+--------+-----+--------+
         Total |    554 |    554 |      0 |      0 |      0 |   3 |  184.7 |
       Dungeon |    554 |    554 |      0 |      0 |      0 |   3 |  184.7 |
               +--------+--------+--------+--------+--------+-----+--------+

Top non-repeatable levels by time:
     D:2: 297 daAuts
     D:1: 225 daAuts
     D:3: 31 daAuts
